Map: Old Estate

Players

couchman

  • Race: Terran Terran

CBagRun

  • Race: Zerg Zerg

HORSES

  • Race: Zerg Zerg

VOD

Have the link to the VOD?

Description

Time

  • Played on: Dec. 12, 2021, 8:53 p.m.
  • Length: 9:01
Show
View Real Time Build Order
Export as new Build Order

couchman Terran 

Build Orders: Reaper Expand 

Get SALT Encoding   

  12  0:00  SCV  
  13  0:23  SCV  
  14  0:29  Supply Depot  
  14  0:35  SCV  
  15  0:44  Refinery  
  15  0:51  SCV  
  16  1:02  Barracks  
  16  1:03  SCV  
  17  1:15  SCV  
  18  1:23  Barracks  
  18  1:29  Supply Depot  
  18  1:30  SCV  
  19  1:42  SCV  
  20  1:50  Marine  
  21  1:54  SCV  
  21  1:55  Bunker  
  21  1:58  Refinery  
  22  2:06  SCV  
  21  2:17  Marine x2  
  20  2:35  Marine x2  
  22  2:45  SCV  
  23  2:53  Marine x2  
  23  2:57  SCV  
  24  3:10  SCV  
  24  3:11  Marine x2  
  27  3:22  SCV  
  27  3:25  Factory  
  28  3:29  Marine x2  
  29  3:46  Marine x2  
  31  4:23  Supply Depot  
  31  4:31  Marine  
  30  4:46  Supply Depot  
  30  4:49  Marine  
  30  4:51  Marine  
  31  4:59  Factory Tech Lab  
  31  5:02  Barracks  
  31  5:07  Marine  
  31  5:08  Marine  
  31  5:09  Supply Depot  
  32  5:25  Marine  
  32  5:26  Marine  
  32  5:28  Siege Tank  
  37  5:41  SCV  
  38  5:42  Marine  
  38  5:44  Marine  
  32  6:00  Marine, Widow Mine  
  32  6:02  Marine  
  28  6:13  Marine  
  28  6:18  Marine  
  18  6:19  Command Center  
  18  6:20  Marine  
  18  6:21  Widow Mine  
  9  6:31  Marine  
  8  6:36  Marine  
  8  6:37  Marine  
  10  6:43  Widow Mine  
  10  6:49  Marine  
  2  8:26  Reaper  
  4  8:41  SCV  
Show
View Real Time Build Order
Export as new Build Order

CBagRun Zerg 

Build Orders: Pool First 

Get SALT Encoding   

  12  0:02  Drone  
  13  0:12  Drone  
  14  0:24  Overlord  
  14  0:55  Drone, Spawning Pool  
  14  0:56  Drone x2  
  16  1:13  Overlord  
  16  1:19  Overlord  
  16  1:28  Overlord  
  16  1:44  Extractor  
  15  1:52  Drone x2  
  15  1:53  Extractor  
  16  2:00  Queen  
  18  2:34  Drone x2  
  18  2:35  Drone  
  18  2:36  Queen  
  23  2:46  Metabolic Boost  
  23  2:50  Drone  
  24  3:12  Zergling x8  
  28  3:13  Zergling x2  
  29  3:23  Drone  
  30  3:37  Hatchery  
  29  3:46  Drone x2  
  29  3:47  Drone  
  32  3:53  Zergling x4  
  34  4:08  Roach Warren  
  33  4:18  Drone, Evolution Chamber  
  33  4:24  Drone  
  34  4:34  Zergling x6  
  37  4:42  Overlord  
  37  4:53  Drone  
  38  5:02  Roach x3  
  38  5:03  Roach  
  46  5:18  Roach x2  
  50  5:35  Roach x3  
  56  5:40  Zerg Ground Armor Level 1  
  56  5:43  Roach x2  
  56  5:45  Overlord  
  56  5:58  Ravager  
  53  6:21  Zergling x2  
  53  6:22  Zergling x4  
  56  6:27  Roach  
  56  6:28  Roach x2  
  62  6:41  Ravager x4  
  62  6:42  Ravager  
  67  6:50  Ravager  
  68  6:54  Overlord x2  
  68  7:15  Burrow  
  68  7:44  Roach x4  
  68  7:45  Roach  
  68  7:47  Roach x3  
  81  8:18  Roach  
  79  8:20  Ravager x2  
  79  8:21  Ravager x2  
  79  8:23  Overlord x3  
Show
View Real Time Build Order
Export as new Build Order

HORSES Zerg 

Build Orders: Pool First 

Get SALT Encoding   

  12  0:24  Overlord  
  12  0:30  Drone  
  12  0:31  Drone  
  14  0:46  Spawning Pool  
  14  0:49  Drone x2  
  15  1:09  Overlord  
  15  1:13  Drone  
  16  1:28  Drone  
  17  1:33  Zergling x2  
  17  1:34  Queen  
  20  1:42  Drone  
  21  1:52  Zergling x2  
  22  2:09  Queen  
  22  2:31  Zergling x6  
  25  2:41  Extractor  
  21  3:11  Queen  
  23  3:14  Zergling x6  
  26  3:21  Drone x3  
  24  3:51  Zergling x2  
  24  3:52  Zergling x8  
  29  4:09  Drone, Extractor  
  30  4:10  Drone  
  30  4:30  Metabolic Boost  
  25  5:15  Zergling x4, Hatchery  
  25  5:16  Zergling x8  
  25  5:18  Overlord  
  28  5:38  Overlord  
  28  5:45  Drone  
  28  5:55  Zergling x4  
  28  5:56  Zergling x4  
  31  6:08  Overlord  
  31  6:20  Drone  
  32  6:27  Drone x3  
  35  6:38  Drone  
  35  6:39  Drone x2  
  38  6:57  Zergling x2  
  38  6:58  Zergling x8  
  43  7:03  Evolution Chamber  
  43  7:05  Spawning Pool  
  33  7:36  Zergling x10  
  33  7:37  Zergling x2  
  39  7:57  Zergling x2  
  40  8:07  Drone x3  
  43  8:15  Zergling x8  
  25  8:48  Drone x3  
Tags
 
Add a new tag
Caveats
  • Supply blocks, unpowered buildings, or Contaminate may cause inaccurate times.
  • Supply counts are checked every 10 seconds.